[Event "50th La Roda Open 2024"]
[Site "La Roda"]
[Date "2024.03.29"]
[Round "5.7"]
[White "Martinez Ramirez, Lennis"]
[Black "Alvarez Serrano, Carlos"]
[Result "1-0"]
[ECO "A18"]
[WhiteElo "2450"]
[BlackElo "2230"]
[Annotator "TA"]
[PlyCount "68"]
[EventDate "2024.03.27"]
[EventType "swiss"]
[EventCountry "ESP"]
[SourceTitle "playchess.com"]
[Source "ChessBase"]
[SourceQuality "1"]
[TimeControl "5400+30"]

1. c4 Nf6 2. Nc3 e6 3. e4 d5 4. e5 d4 5. exf6 dxc3 6. bxc3 Qxf6 7. d4 b6 8. Be2 Bb7 9. Bf3 Bxf3 10. Nxf3 Bd6 11. Qa4+ c6 12. Bg5 Qf5 13. O-O O-O 14. Rab1 h6 15. Bh4 Qd3 16. Bg3 Bxg3 17. hxg3 Qxc3 18. Rfc1 Qd3 19. Rb3 Qf5 20. Rxb6 axb6 21. Qxa8 c5 22. Qb7 cxd4 23. Qxb6 e5 {[%emt 0:01:59] [#]} (23... d3 $11) 24. Qb5 $1 $16 {[%emt 0:01:18] White is more active.} Nd7 25. Nxd4 Qg4 26. Nc2 {[%emt 0:04:28] Threatens to win with Ne3.} Rb8 27. Ne3 (27. Qd5 $16) 27... Rxb5 $11 28. Nxg4 {[%emt 0:00:08][%mdl 4096] Endgame. KRN-KRN} Ra5 29. Rc2 Kf8 {[%emt 0:00:22] The position is equal.} 30. Ne3 Ke7 31. g4 g6 32. g3 Ke6 33. Rd2 Nb6 34. Kg2 Rc5 {[%emt 0:00:33][%mdl 32768] Weighted Error Value: White=0.09 (flawless) /Black=0.08 (flawless) .  Mistake:       	White=1     	Black=1      OK:         	White=11    	Black=14     Best:        	White=1     	Black=3      Strong:       	White=1     	---       . Loss on time!?} 1-0

[Event "50th La Roda Open 2024"]
[Site "La Roda"]
[Date "2024.03.29"]
[Round "5.8"]
[White "Sanchez Alvarez, Roberto Carlos"]
[Black "Dias, Ricardo Pedro Cruz"]
[Result "1-0"]
[ECO "A34"]
[WhiteElo "2407"]
[BlackElo "2216"]
[Annotator "TA"]
[PlyCount "69"]
[EventDate "2024.03.27"]
[EventType "swiss"]
[EventCountry "ESP"]
[SourceTitle "playchess.com"]
[Source "ChessBase"]
[SourceQuality "1"]
[TimeControl "5400+30"]

1. c4 c5 2. Nf3 Nf6 3. Nc3 d5 4. cxd5 Nxd5 5. e4 Nb4 6. Bc4 Nd3+ 7. Ke2 Nf4+ 8. Kf1 {[%emt 0:00:12] d4 would now be deadly.} Ne6 (8... Nd3 $11) 9. h4 (9. b4 $14 {feels stronger.}) 9... h5 {[%emt 0:02:28] The position is equal.} 10. d3 Nc6 11. Be3 Ned4 12. Ng5 (12. Nb5 $11) 12... e6 13. Nb5 Be7 14. Nxd4 Nxd4 15. a3 Bf6 16. Rc1 Nc6 17. Bb5 Bd7 18. Rxc5 Bxb2 19. Qc2 (19. Rh3 {keeps more tension.} a6 20. Rf3 axb5 21. Nxf7 Qxh4 22. Nxh8 Qh1+ 23. Ke2) 19... Bd4 {[%emt 0:10:14] [#]} (19... Bxa3 20. Qc3 Bxc5 21. Qxg7 $18) (19... Bf6 $1 $11) 20. Bxc6 $1 $16 {[%emt 0:02:56] White leaves nothing to chance now.} Bxc6 (20... Bxc5 $16 21. Bxd7+ (21. Bxb7 $2 {is the wrong capture.} Bxe3 22. Bxa8 Bxg5 $19) 21... Qxd7 22. Qxc5 (22. Bxc5 Rc8 $15) 22... f6) 21. Rxc6 $18 {[%cal Oe3d4] Threatens to win with Bxd4!} Bxe3 {[#]} 22. Nxe6 fxe6 23. Rxe6+ Kd7 24. Re5 {[%emt 0:00:02] aiming for Rd5+.} Rh6 25. Rd5+ Rd6 26. Rxd6+ Kxd6 27. fxe3 {[%emt 0:00:11][%mdl 4096] Endgame. KQR-KQR} Qf6+ $2 (27... Rc8 28. Qb1 Qa5) 28. Kg1 Rf8 29. d4 {[%emt 0:00:40] Strongly threatening e5+.} Kd7 30. e5 Qe7 31. Qa4+ {[%emt 0:04:29] White is clearly winning.} Ke6 32. Qb3+ Kf5 33. Rh3 {[%emt 0:00:14] Black must now prevent Rg3.} Rc8 34. Qb1+ Ke6 35. Rf3 {[%emt 0:00:06] Weighted Error Value: White=0.06 (flawless) /Black=0.40.  Mistake:       	White=2     	Black=4      Inaccurate:     	---       	Black=3      OK:         	White=15    	Black=7      Best:        	White=2     	Black=2      Strong:       	White=1     	---} 1-0

[Event "50th La Roda Open 2024"]
[Site "La Roda"]
[Date "2024.03.29"]
[Round "5.9"]
[White "Cruz Lledo, Pablo"]
[Black "Tudela Corbalan, Carlos"]
[Result "1-0"]
[ECO "E61"]
[WhiteElo "2353"]
[BlackElo "2195"]
[Annotator "RC"]
[PlyCount "83"]
[EventDate "2024.03.27"]
[EventType "swiss"]
[EventCountry "ESP"]
[SourceTitle "playchess.com"]
[Source "ChessBase"]
[SourceQuality "1"]
[TimeControl "5400+30"]

1. d4 g6 2. c4 Bg7 3. Nc3 d6 4. Nf3 Nf6 5. Bg5 Nbd7 6. e3 O-O 7. Be2 c6 8. O-O h6 9. Bh4 Nh7 10. Qc2 f5 11. Rfd1 Qe8 12. d5 g5 13. Bg3 Ne5 14. Nxe5 dxe5 15. f4 e4 16. c5 Bxc3 17. Qxc3 cxd5 18. Rxd5 Nf6 19. Re5 e6 20. Rd1 Kh7 21. Rd6 Qf7 22. Bc4 Ng4 23. Bxe6 Qg7 24. fxg5 hxg5 25. Qd4 Bxe6 26. Rexe6 Qxd4 27. exd4 f4 28. Rd7+ Kh8 29. Be1 f3 30. gxf3 Rxf3 31. d5 Raf8 32. Bg3 e3 33. c6 Rf1+ 34. Kg2 Rc1 35. cxb7 Rc2+ 36. Kh3 Nf2+ 37. Bxf2 exf2 38. Rf6 Re8 39. b3 Rxa2 40. Rdf7 Rb2 41. Rf8+ Kg7 42. Rxe8 1-0

[Event "50th La Roda Open 2024"]
[Site "La Roda"]
[Date "2024.03.29"]
[Round "5.10"]
[White "Martinez Fernandez, Raul"]
[Black "Martinez Reyes, Pedro Ramon"]
[Result "0-1"]
[ECO "B01"]
[WhiteElo "2217"]
[BlackElo "2332"]
[Annotator "RC"]
[PlyCount "60"]
[EventDate "2024.03.27"]
[EventType "swiss"]
[EventCountry "ESP"]
[SourceTitle "playchess.com"]
[Source "ChessBase"]
[SourceQuality "1"]
[TimeControl "5400+30"]

1. e4 d5 2. exd5 Qxd5 3. Nc3 Qd6 4. d4 Nf6 5. Nf3 c6 6. Ne5 Nbd7 7. Bf4 Nd5 8. Nxd5 Qxd5 9. Qf3 Nxe5 10. Qxd5 cxd5 11. Bxe5 f6 12. Bg3 Bf5 13. Kd2 Rc8 14. Bd3 Bxd3 15. Kxd3 Kd7 16. b3 e6 17. c4 Ba3 18. cxd5 exd5 19. Bf4 h5 20. Bc1 Bd6 21. Bd2 h4 22. h3 g5 23. f3 Rcg8 24. Rhe1 f5 25. Rac1 Rh7 26. Re2 Rg6 27. Be1 Rg8 28. Bd2 Rgh8 29. Be1 Rf8 30. Rec2 Rb8 0-1

[Event "50th La Roda Open 2024"]
[Site "La Roda"]
[Date "2024.03.29"]
[Round "5.10"]
[White "Martinez Fernandez, Raul"]
[Black "Martinez Reyes, Pedro Ramon"]
[Result "*"]
[ECO "B01"]
[WhiteElo "2217"]
[BlackElo "2332"]
[Annotator "RC"]
[PlyCount "47"]
[EventDate "2024.03.27"]
[EventType "swiss"]
[EventCountry "ESP"]
[SourceTitle "playchess.com"]
[Source "ChessBase"]
[SourceQuality "1"]
[TimeControl "5400+30"]

1. e4 d5 2. exd5 Qxd5 3. Nc3 Qd6 4. d4 Nf6 5. Nf3 c6 6. Ne5 Nbd7 7. Bf4 Nd5 8. Nxd5 Qxd5 9. Qf3 Nxe5 10. Qxd5 cxd5 11. Bxe5 f6 12. Bg3 Bf5 13. Kd2 Rc8 14. Bd3 Bxd3 15. Kxd3 Kd7 16. b3 e6 17. c4 Ba3 18. cxd5 exd5 19. Bf4 h5 20. Bc1 Bd6 21. Bd2 h4 22. h3 g5 23. f3 Rcg8 24. Rae1 *

[Event "50th La Roda Open 2024"]
[Site "La Roda"]
[Date "2024.03.29"]
[Round "5.11"]
[White "Buendia Pinar, Alvaro"]
[Black "Romero Berruezo, Francisco"]
[Result "1-0"]
[ECO "E62"]
[WhiteElo "2331"]
[BlackElo "2194"]
[Annotator "RC"]
[PlyCount "46"]
[EventDate "2024.03.27"]
[EventType "swiss"]
[EventCountry "ESP"]
[SourceTitle "playchess.com"]
[Source "ChessBase"]
[SourceQuality "1"]
[TimeControl "5400+30"]

1. d4 Nf6 2. c4 d6 3. Nf3 g6 4. g3 Bg7 5. Bg2 O-O 6. O-O Nc6 7. Nc3 e5 8. h3 exd4 9. Nxd4 Nxd4 10. Qxd4 Nd7 11. Qd2 a5 12. Rd1 Re8 13. Qc2 Nc5 14. Bf4 Bf5 15. e4 Bd7 16. Nd5 Ne6 17. Be3 c5 18. Kh2 Nd4 19. Qd2 Re5 20. Bxd4 Rxd5 21. exd5 Bxd4 22. Re1 a4 23. Rab1 Qf6 1-0

[Event "50th La Roda Open 2024"]
[Site "La Roda"]
[Date "2024.03.29"]
[Round "5.12"]
[White "Newrkla, Katharina"]
[Black "Liu, Zexu"]
[Result "0-1"]
[ECO "C60"]
[WhiteElo "2213"]
[BlackElo "2325"]
[Annotator "RC"]
[PlyCount "92"]
[EventDate "2024.03.27"]
[EventType "swiss"]
[EventCountry "ESP"]
[SourceTitle "playchess.com"]
[Source "ChessBase"]
[SourceQuality "1"]
[TimeControl "5400+30"]

1. e4 e5 2. Nf3 Nc6 3. Bb5 Nge7 4. Nc3 Ng6 5. d4 exd4 6. Nxd4 Bc5 7. Be3 Nxd4 8. Bxd4 Bxd4 9. Qxd4 O-O 10. O-O-O d6 11. Kb1 f5 12. exf5 Bxf5 13. g3 c6 14. Be2 d5 15. Rhe1 Qb6 16. Qxb6 axb6 17. f4 Rfe8 18. Bf3 Kf8 19. a3 Bd7 20. Kc1 Ne7 21. Re5 Nf5 22. Rde1 Rxe5 23. Rxe5 Nd6 24. Re1 Nc4 25. Na2 h6 26. h4 Nxa3 27. bxa3 Rxa3 28. Bxd5 cxd5 29. Nb4 Rxg3 30. Nxd5 Rh3 31. Nxb6 Be8 32. Nc4 Rxh4 33. Nd6 Bc6 34. Rf1 Rh1 35. Rxh1 Bxh1 36. Kd2 Ke7 37. Nf5+ Kf6 38. Ne3 h5 39. Ke2 h4 40. Kf2 Be4 41. c3 g5 42. fxg5+ Kxg5 43. Nf1 Kf4 44. Nh2 b5 45. Nf1 h3 46. Kg1 Bg2 0-1

[Event "50th La Roda Open 2024"]
[Site "La Roda"]
[Date "2024.03.29"]
[Round "5.13"]
[White "Gomez Falagan, Daniel"]
[Black "Bustos Bernardo, Samuel"]
[Result "0-1"]
[ECO "E53"]
[WhiteElo "2319"]
[BlackElo "2188"]
[Annotator "RC"]
[PlyCount "52"]
[EventDate "2024.03.27"]
[EventType "swiss"]
[EventCountry "ESP"]
[SourceTitle "playchess.com"]
[Source "ChessBase"]
[SourceQuality "1"]
[TimeControl "5400+30"]

1. d4 Nf6 2. c4 e6 3. Nc3 Bb4 4. e3 O-O 5. Bd3 d5 6. a3 Bxc3+ 7. bxc3 dxc4 8. Bxc4 c5 9. Nf3 Qc7 10. Be2 b6 11. Bb2 Bb7 12. O-O Nbd7 13. Re1 Rfd8 14. Bf1 Ne4 15. c4 Ndf6 16. Ne5 Nd7 17. Nxd7 Rxd7 18. Qg4 Rf8 19. Bd3 f5 20. Qe2 Rf6 21. d5 Rh6 22. h3 exd5 23. Qf3 Nd2 24. Qxf5 dxc4 25. Bc2 Rg6 26. g3 Rxg3+ 0-1

[Event "50th La Roda Open 2024"]
[Site "La Roda"]
[Date "2024.03.29"]
[Round "5.14"]
[White "Arroyo Rodriguez, Jesus"]
[Black "Ramiro Ovejero, Juan Luis"]
[Result "1/2-1/2"]
[ECO "C47"]
[WhiteElo "2027"]
[BlackElo "2316"]
[Annotator "RC"]
[PlyCount "124"]
[EventDate "2024.03.27"]
[EventType "swiss"]
[EventCountry "ESP"]
[SourceTitle "playchess.com"]
[Source "ChessBase"]
[SourceQuality "1"]
[TimeControl "5400+30"]

1. e4 e5 2. Nf3 Nc6 3. Nc3 Nf6 4. d4 exd4 5. Nxd4 Bb4 6. Nxc6 bxc6 7. Bd3 O-O 8. O-O d5 9. exd5 cxd5 10. h3 h6 11. Qf3 Be6 12. Bf4 Bd6 13. Rad1 Bxf4 14. Qxf4 c5 15. Rfe1 Qb8 16. Qxb8 Raxb8 17. b3 Rfd8 18. Rd2 c4 19. Bf1 d4 20. Red1 Rdc8 21. Ne2 d3 22. cxd3 cxb3 23. axb3 Bxb3 24. Ra1 Rc7 25. g3 Bd5 26. Bg2 Rcb7 27. Nc3 Bxg2 28. Kxg2 Rd8 29. Ra3 Rd4 30. Ne2 Rdd7 31. Rda2 g5 32. Ra4 Nd5 33. d4 Kg7 34. Rc4 Nb4 35. Ra3 Re7 36. Re3 Rxe3 37. fxe3 Nd5 38. Kf2 Re7 39. e4 Rxe4 40. Rc5 Nb4 41. Rc7 a6 42. Rb7 Nc2 43. d5 a5 44. g4 Rb4 45. Ra7 a4 46. Ng3 Kf6 47. d6 Rd4 48. Ke2 a3 49. Nf5 Rd5 50. Nxh6 Rxd6 51. Nxf7 Re6+ 52. Kd2 Re7 53. Ra6+ Kxf7 54. Kxc2 Re3 55. Ra5 Kf6 56. Ra6+ Ke5 57. Ra5+ Kd4 58. Rxg5 Kc4 59. Rg8 Rxh3 60. Rc8+ Kb4 61. Rb8+ Kc4 62. Rc8+ Kd5 1/2-1/2

[Event "50th La Roda Open 2024"]
[Site "La Roda"]
[Date "2024.03.29"]
[Round "5.15"]
[White "Alfaya Marcelo, Roberto"]
[Black "Hurtado, Felipe"]
[Result "1/2-1/2"]
[ECO "A11"]
[WhiteElo "2311"]
[BlackElo "2087"]
[Annotator "RC"]
[PlyCount "45"]
[EventDate "2024.03.27"]
[EventType "swiss"]
[EventCountry "ESP"]
[SourceTitle "playchess.com"]
[Source "ChessBase"]
[SourceQuality "1"]
[TimeControl "5400+30"]

1. Nf3 Nf6 2. e3 d5 3. c4 c6 4. Nc3 Bg4 5. Qb3 Qb6 6. Ne5 e6 7. cxd5 Qxb3 8. axb3 exd5 9. Nxg4 Nxg4 10. d4 Nd7 11. Bd3 Ngf6 12. Bd2 Bd6 13. f3 O-O 14. Ne2 c5 15. dxc5 Bxc5 16. Nd4 Bb6 17. Bc3 Nc5 18. Bf5 Rfe8 19. Kd2 a6 20. Rae1 Rad8 21. Bc2 Ne6 22. b4 Nd7 23. b3 1/2-1/2

[Event "50th La Roda Open 2024"]
[Site "La Roda"]
[Date "2024.03.29"]
[Round "5.16"]
[White "Blom, Vincent"]
[Black "Portero Rubio, Martin"]
[Result "1/2-1/2"]
[ECO "A08"]
[WhiteElo "2307"]
[BlackElo "2067"]
[Annotator "RC"]
[PlyCount "209"]
[EventDate "2024.03.27"]
[EventType "swiss"]
[EventCountry "ESP"]
[SourceTitle "playchess.com"]
[Source "ChessBase"]
[SourceQuality "1"]
[TimeControl "5400+30"]

1. Nf3 d5 2. g3 c5 3. Bg2 g6 4. c4 d4 5. O-O Bg7 6. e4 Nc6 7. d3 e5 8. Na3 Nge7 9. Nh4 O-O 10. f4 exf4 11. gxf4 f5 12. e5 g5 13. fxg5 Nxe5 14. Nc2 Be6 15. Bf4 N5g6 16. Nxg6 Nxg6 17. Qd2 Qd7 18. Rae1 Rae8 19. b4 b6 20. b5 Qc8 21. Bc6 Bd7 22. Bd5+ Kh8 23. Bd6 Rxe1 24. Rxe1 Re8 25. Bf7 Rxe1+ 26. Qxe1 Qd8 27. h4 Bxb5 28. Bg3 Ba4 29. Na3 Qe7 30. Qxe7 Nxe7 31. h5 h6 32. gxh6 Bxh6 33. Bh4 Nc6 34. Bf6+ Bg7 35. Bxg7+ Kxg7 36. Be8 Kh6 37. Kf2 Ne5 38. Bxa4 Nxd3+ 39. Ke2 Nc1+ 40. Kd2 Nxa2 41. Be8 Nc3 42. Nb5 Ne4+ 43. Kd3 a6 44. Nc7 Nd6 45. Bg6 b5 46. cxb5 axb5 47. Ne6 Ne4 48. Bxf5 Ng3 49. Bg4 c4+ 50. Kxd4 Nxh5 51. Nc7 Kg5 52. Bd7 Nf4 53. Bxb5 c3 54. Kxc3 Kf5 55. Na6 Ke5 56. Bc6 Kd6 57. Bf3 Nd5+ 58. Kd4 Nf4 59. Nb4 Ne6+ 60. Kc4 Nf4 61. Nc6 Ng6 62. Kd4 Nf4 63. Na5 Ne6+ 64. Kc4 Nf4 65. Bh1 Ne6 66. Nb3 Ke5 67. Bg2 Nf4 68. Ba8 Ne6 69. Nc1 Nf4 70. Bf3 Kf5 71. Kc5 Ke5 72. Bh1 Ne6+ 73. Kc6 Nf4 74. Nb3 Ne6 75. Kd7 Nd4 76. Nd2 Kf4 77. Ba8 Ke3 78. Nc4+ Kd3 79. Ne5+ Kc3 80. Kd6 Nb5+ 81. Kc5 Nd4 82. Be4 Ne6+ 83. Kd6 Kd4 84. Bd5 Nf4 85. Nf3+ Ke3 86. Bc6 Nd3 87. Ba8 Nf4 88. Nh4 Nd3 89. Bb7 Kd4 90. Nf5+ Kc3 91. Ba6 Nb4 92. Bf1 Nc2 93. Kc5 Kd2 94. Ba6 Kc3 95. Nd6 Kd2 96. Bb5 Na3 97. Ba4 Nc2 98. Nc4+ Kc3 99. Nb6 Ne3 100. Bb5 Kd2 101. Kd4 Nc2+ 102. Ke4 Na3 103. Bd3 Kc3 104. Nd5+ Kb3 105. Kd4 1/2-1/2

[Event "50th La Roda Open 2024"]
[Site "La Roda"]
[Date "2024.03.30"]
[Round "6.1"]
[White "Aravindh, Chithambaram VR."]
[Black "Iturrizaga Bonelli, Eduardo"]
[Result "1-0"]
[ECO "D19"]
[WhiteElo "2662"]
[BlackElo "2588"]
[Annotator "TA"]
[PlyCount "69"]
[EventDate "2024.03.27"]
[EventType "swiss"]
[EventCountry "ESP"]
[SourceTitle "playchess.com"]
[Source "ChessBase"]
[SourceQuality "1"]
[TimeControl "5400+30"]

1. d4 Nf6 2. c4 c6 3. Nf3 d5 4. Nc3 dxc4 5. a4 Bf5 6. e3 e6 7. Bxc4 Bb4 8. O-O O-O 9. Qe2 Bg6 10. Ne5 Nbd7 11. Nxg6 hxg6 12. Rd1 Qa5 13. Na2 Qxa4 14. e4 Qa5 {[%emt 1:11:22] Gegen Bg5 gerichtet.} 15. Nxb4 {[%emt 0:02:14] Die Stellung ist ausgeglichen.} Qxa1 16. Na2 $1 Nb6 $1 {[%emt 0:00:36] Zielt auf ...Nxc4 ab.} 17. Bb3 {[%emt 0:05:01] [#] Und jetzt Bg5 wäre schön.} (17. Be3 Qxd1+ 18. Qxd1 Nxc4 $17) 17... Na4 $1 18. Qc2 {[%emt 0:00:16] Gegen Qb1 gerichtet.} c5 19. e5 (19. Bxa4 $2 Qxa2 20. dxc5 Rfd8 $19) 19... Nh7 20. d5 {[%emt 0:01:10][%cal Od5e6] Schwarz muss nun dxe6! beachten.} (20. Bxa4 Qxa2 21. dxc5 Rfd8 $15) (20. dxc5 $5 Rad8 21. Bd2 Qxb2 22. Bxa4 Qxe5 23. c6 bxc6 24. Nb4 $11 (24. Qxc6 $2 Rxd2 25. Qc4 Rxd1+ 26. Bxd1 Qe1+ 27. Qf1 Qa5 $19)) 20... c4 $1 21. Bxa4 (21. Bxc4 $142 b5 22. Bxb5 Qxa2 23. Qxa4 Qxa4 24. Bxa4) 21... Qxa2 $11 22. dxe6 (22. d6 $2 Rfb8 23. Bb5 Qa5 $19) 22... fxe6 {[%emt 0:00:10] ...Rfd8 wäre nun fies.} 23. Bd7 $1 Rfd8 (23... Qa5 $11 {hält das Gleichgewicht.} 24. Bxe6+ (24. Qxg6 Qxe5 25. Qxe6+ Qxe6 $15) 24... Kh8) 24. Bxe6+ $16 ({Ein No Go ist} 24. Qxg6 $6 Nf8 25. Bxe6+ Nxe6 26. Qxe6+ Kh8 $11) 24... Kh8 {[%emt 0:00:03][%cal Oa2b1] [#]} 25. Re1 $1 $36 {[%emt 0:00:04][%mdl 2048] Läuft bei Weiss. Weiß hat aktiveres Spiel.} (25. Bxc4 $2 {ist das falsche Schlagen.} Rxd1+ 26. Qxd1 Qxc4 $19) 25... Qa5 26. Qe2 c3 {[%emt 0:00:53] [#]} 27. bxc3 Qxc3 28. h3 (28. Bf7 $16) 28... Rf8 (28... Qd3 $1 $11 29. Qb2 Rf8) 29. Bd7 {[%emt 0:01:06] Ein starkes Läuferpaar.} Rae8 30. Bxe8 Rxe8 31. e6 a6 (31... Nf6 $142) 32. Bb2 Qc5 (32... Qb4 33. Qe5 Nf6) 33. Qe4 $18 Qe7 $2 (33... Qa5 34. Re3 Qf5 35. Qxb7 Qb1+ 36. Kh2 Nf6) 34. Qxg6 {[%emt 0:00:12][%cal Ob2g7] Weiss droht Bxg7+! und Matt.} Rf8 35. Re3 {[%emt 0:00:58] Gewichteter Fehlerwert: Weiß=0.16 (sehr präzise) /Schwarz=0.41.  Fehler:       	Weiß=2     	Schwarz=6     Ungenau:       	Weiß=4     	Schwarz=2     OK:         	Weiß=9     	Schwarz=4     Bester:       	Weiß=2     	Schwarz=2     Stark:        	Weiß=3     	Schwarz=2} 1-0

[Event "50th La Roda Open 2024"]
[Site "La Roda"]
[Date "2024.03.30"]
[Round "6.2"]
[White "Siddharth, Jagadeesh"]
[Black "Sonis, Francesco"]
[Result "1/2-1/2"]
[ECO "B90"]
[WhiteElo "2490"]
[BlackElo "2562"]
[Annotator "TA"]
[PlyCount "100"]
[EventDate "2024.03.27"]
[EventType "swiss"]
[EventCountry "ESP"]
[SourceTitle "playchess.com"]
[Source "ChessBase"]
[SourceQuality "1"]
[TimeControl "5400+30"]

1. e4 c5 2. Nf3 d6 3. d4 cxd4 4. Nxd4 Nf6 5. Nc3 a6 6. Be3 e5 7. Nf3 Be7 8. Bc4 O-O 9. Bb3 {[%emt 0:00:10] B90: Sicilian Najdorf: Unusual White 6th moves, 6 Be3 Ng4 and 6 Be3 e5.} Nc6 10. Bg5 Be6 11. Bxf6 Bxf6 12. Nd5 Rc8 $146 ({Predecessor:} 12... Bxd5 13. Qxd5 Qb6 14. c3 Be7 15. Nd2 Na5 16. Rb1 Rac8 17. O-O Qc7 18. Qd3 b5 {1-0 Varga,Z (2497)-Fargere,F (2330) Basel Hilton op 09th 2007 (4)}) 13. c3 Bg5 14. Nxg5 Qxg5 15. Ne3 Rfd8 16. O-O Qg6 17. Qf3 Na5 18. Bd5 Nc4 19. Nxc4 (19. Bxb7 Rb8 20. Bd5 (20. Bxa6 Nd2 $17) 20... Nxe3 (20... Nxb2 21. Bb3 $16) 21. Qxe3 Bxd5 (21... Rxb2 22. Bb3 $11) 22. exd5 Rxb2 $14) 19... Bxd5 20. Nb6 $1 Bxe4 21. Nxc8 $1 Rxc8 22. Qg3 Qxg3 23. hxg3 ({But not} 23. fxg3 $6 h5 $15) 23... Kf8 24. f3 Bg6 25. Rfd1 Ke7 26. Rac1 f6 27. c4 Bf7 28. b3 Be6 29. Kf2 h6 30. Ke3 b6 31. Kd2 Rc7 32. Rc3 Rc8 33. Rdc1 Rc7 34. b4 a5 35. bxa5 bxa5 36. Ra3 Rc5 {[%emt 0:00:03] [#]} 37. Rb1 $1 Bxc4 38. Rb7+ Ke6 39. Ra7 ({White should play} 39. Rxg7 $16 Rd5+ 40. Kc1) 39... Rd5+ $11 40. Kc1 Bf1 (40... Be2 $11 {might be stronger.}) 41. Rxg7 Bxg2 42. Rh7 e4 43. fxe4 (43. Rxh6 $2 {is the wrong capture.} exf3 (43... Bxf3 44. Rh8 $17) 44. Rh4 f2 $19) 43... Bxe4 44. Ra7 (44. Rxh6 $14 Rc5+ 45. Kd1) 44... Rc5+ $11 45. Kd2 Rc2+ 46. Kd1 Rh2 47. R7xa5 d5 48. Rb5 Ke5 49. Rb4 Rh1+ 50. Ke2 Rh2+ 1/2-1/2

[Event "50th La Roda Open 2024"]
[Site "La Roda"]
[Date "2024.03.30"]
[Round "6.3"]
[White "Karthik Venkataraman"]
[Black "Xu, Xiangyu"]
[Result "1/2-1/2"]
[ECO "D79"]
[WhiteElo "2609"]
[BlackElo "2623"]
[Annotator "TA"]
[PlyCount "36"]
[EventDate "2024.03.27"]
[EventType "swiss"]
[EventCountry "ESP"]
[SourceTitle "playchess.com"]
[Source "ChessBase"]
[SourceQuality "1"]
[TimeControl "5400+30"]

1. c4 g6 2. d4 Nf6 3. g3 c6 4. Bg2 d5 5. cxd5 cxd5 6. Nf3 Bg7 7. Nc3 Ne4 8. Ne5 Nxc3 9. bxc3 Nc6 10. Nxc6 bxc6 11. O-O O-O 12. Qa4 Qb6 13. Ba3 Qa6 14. Qxa6 Bxa6 15. Rfb1 {[%emt 0:00:23] The position is equal.} Rfb8 16. e3 Bf8 17. Bf1 Bxf1 18. Kxf1 e6 {[%emt 0:00:38] Not much happened in this game.   Weighted Error Value: White=0.02 (flawless) /Black=0.01 (flawless) .  OK:         	White=3     	Black=3} 1/2-1/2

[Event "50th La Roda Open 2024"]
[Site "La Roda"]
[Date "2024.03.30"]
[Round "6.4"]
[White "Albornoz Cabrera, Carlos Daniel"]
[Black "Buendia Pinar, Alvaro"]
[Result "1-0"]
[ECO "B12"]
[WhiteElo "2603"]
[BlackElo "2331"]
[Annotator "TA"]
[PlyCount "139"]
[EventDate "2024.03.27"]
[EventType "swiss"]
[EventCountry "ESP"]
[SourceTitle "playchess.com"]
[Source "ChessBase"]
[SourceQuality "1"]
[TimeControl "5400+30"]

1. e4 c6 2. d4 d5 3. e5 c5 4. dxc5 e6 5. Bd3 Bxc5 6. Qg4 Ne7 7. b4 Bb6 8. Nf3 Kf8 9. O-O Ng6 10. Re1 Qc7 11. Bb2 Nc6 12. b5 Nce7 13. Nbd2 Bd7 14. Nb3 Kg8 15. a4 a5 16. Rac1 Qb8 17. Bd4 Bd8 18. Bc5 Nf5 19. Bxf5 exf5 20. Qd4 Be6 21. Bb6 h6 22. h4 Kh7 23. h5 Ne7 24. Bc5 b6 25. Bd6 Qb7 26. Qd3 Qd7 27. Nbd4 Nc8 28. Ba3 Be7 29. Nc6 Re8 30. Red1 Bxa3 31. Qxa3 Qb7 32. Ncd4 Ne7 33. Nxe6 fxe6 34. Nd4 Ng8 35. c4 dxc4 36. Nc6 (36. Qg3 $18 Qf7) 36... Qf7 $2 (36... Ne7 $16 {is more resistant.}) 37. Qf3 $18 (37. Rxc4 Qxh5 38. Rd7 Rac8 $18) 37... Rac8 38. Rxc4 Rc7 39. Rcd4 Ne7 40. Rd7 (40. Nd8 Qg8 41. Rd6 Rc5 $18) 40... Rxd7 41. Rxd7 Qf8 42. Nxe7 (42. g4 Kh8 43. Kg2 Kg8 $18) 42... Rxe7 43. Rd6 Qb8 $2 (43... Re8 44. g3 (44. Rxb6 Qb4 $18) 44... Qe7) 44. Rxe6 $18 Rf7 45. Qg3 Rf8 (45... Kh8 $142 46. Rc6 Rf8) 46. Qg6+ Kh8 47. Re7 (47. Rxb6 Qxe5 48. Qd6 Qe1+ 49. Kh2 Qe8 $16) 47... Rg8 48. Qxf5 Qd8 49. Qd7 Qf8 50. g3 Qa8 51. Qc6 (51. e6 $142 Rc8 52. Qb7 (52. Rxg7 $2 Rc1+)) 51... Qd8 52. Qd6 (52. Rd7 $142 Qg5 53. e6 (53. Qxb6 Re8 $18)) 52... Qf8 53. Rd7 Qf5 54. Rd8 Qxh5 55. Rxg8+ Kxg8 56. Kg2 (56. e6 $142 Qe2 57. Qd8+ (57. Qxb6 Qd1+ 58. Kh2 Qh5+ 59. Kg2 Qd5+ 60. f3 g6 $18) 57... Kh7 58. e7 (58. Qxb6 Qd1+ 59. Kg2 Qd5+ 60. f3 Qa2+ 61. Kh3 h5 $18) 58... Kg6 59. e8=Q+ (59. e8=R Qf3 $18) 59... Qxe8 60. Qxe8+ Kf6 61. Qd8+ Kf7 62. Qxb6) 56... Qf5 57. Qd5+ (57. e6 $142 {Qd8+ would kill now.} Qe4+ 58. Kh2) 57... Kh8 58. Qd4 h5 59. Qe3 (59. Qxb6 $142 Qe4+ 60. Kh2 Qxe5 61. Qxa5) 59... Kg8 (59... Qe6 $142 60. Qg5 g6 61. Qd8+ Kg7 62. Qc7+ Kf8) 60. Qf4 Qg6 $2 (60... Qe6 61. Qe4 Kh8) 61. Qc4+ $18 Kh7 62. e6 Qe8 63. Qc6 Qd8 64. Qe4+ g6 65. e7 Qe8 66. Qe6 Kg7 67. f4 Kh7 68. Qf6 (68. Qxb6 Qxe7 69. Kf3 (69. Qxa5 Qe2+ 70. Kg1 Qe3+ 71. Kg2 Qe4+ 72. Kf2 Qd4+ 73. Ke2 Qe4+ 74. Kd1 Qd4+ 75. Ke2 Qe4+ 76. Kd2 Qd4+ 77. Kc2 Qe4+ 78. Kd2 Qd4+ 79. Ke2 $11) 69... Qa3+ 70. Kg2 Qxa4 $16) 68... Kg8 69. Kh3 Qc8+ 70. f5 1-0